 Dungeon Crawl Stone Soup version 0.25.0-9-g26727b657a (webtiles) character file.

Game seed: 13915895484803390256

43936 po7itron the Fencer (level 13, -6/124 HPs)
             Began as a Minotaur Fighter on June 21, 2020.
             Was the Champion of Okawaru.
             Mangled by a naga mage
             ... wielding a +0 flail
              (8 damage)
             ... on level 2 of the Snake Pit.
             The game lasted 00:46:52 (17198 turns).

po7itron the Fencer (Minotaur Fighter)             Turns: 17198, Time: 00:46:52

Health: -6/124     AC: 28    Str: 25    XL:     13   Next: 93%
Magic:  12/12      EV:  8    Int:  5    God:    Okawaru [******]
Gold:   233        SH:  0    Dex: 11    Spells: 12/12 levels left

rFire    + . .     SeeInvis .   c - +9 great sword (freeze)
rCold    x . .     Gourm    .   (shield currently unavailable)
rNeg     . . .     Faith    .   g - +13 plate armour of Feohi {+Inv Int+3 Stlth-}
rPois    .         Spirit   .   (helmet restricted)
rElec    .         Reflect  .   C - +0 cloak {MR+}
rCorr    .         Harm     .   (no gloves)
MR       ++++.     Rnd*Rage +   (no boots)
Stlth    ..........             O - necklace of Bloodlust {*Rage +Rage MR++ Int-3 Slay+6 *Curse} (curse)
HPRegen  0.30/turn              I - ring of protection from magic
MPRegen  0.13/turn              F - ring of fire

@: mighty, berserk cooldown, constricted
A: retaliatory headbutt, horns 2
a: Heroism, Finesse, Renounce Religion, Evoke Berserk Rage, Evoke Invisibility


You were on level 2 of the Snake Pit.
You worshipped Okawaru.
Okawaru was exalted by your worship.
You were not hungry.

You visited 4 branches of the dungeon, and saw 17 of its levels.

You collected 967 gold pieces.
You spent 734 gold pieces at shops.

Inventory:

Hand Weapons
 c - a +9 great sword of freezing (weapon)
 E - a +2 scimitar of flaming
 M - the +6 scimitar of Gluttony {venom, Dex+4}
   (Okawaru gifted it to you on level 1 of the Snake Pit)

   It poisons the flesh of those it strikes.
   It affects your dexterity (+4).
Missiles
 k - a boomerang of dispersal (quivered)
 o - 4 boomerangs
 t - 43 poisoned darts
 w - 6 javelins
Armour
 g - the +13 plate armour of Feohi (worn) {+Inv Int+3 Stlth-}
   (You found it on level 8 of the Dungeon)

   It affects your intelligence (+3).
   It lets you turn invisible.
   It makes you less stealthy.
 r - a +1 helmet
 v - a +0 pair of gloves of archery
 y - a +1 pair of gloves
 C - a +0 cloak of magic resistance (worn)
Jewellery
 F - a ring of fire (right hand)
 I - a ring of protection from magic (left hand)
 O - the cursed necklace of Bloodlust (around neck) {*Rage +Rage MR++ Int-3 Slay+6 *Curse}
   (You bought it in a shop on level 2 of the Snake Pit)

   [amulet of nothing]

   It affects your intelligence (-3).
   It affects your accuracy and damage with ranged weapons and melee attacks
   (+6).
   It affects your resistance to hostile enchantments.
   It lets you go berserk.
   It may make you go berserk in combat.
   It curses itself when equipped.
   It has a curse placed upon it.
Wands
 b - a wand of digging (2)
 l - a wand of random effects (24)
 n - a wand of clouds (8)
 p - a wand of flame (18)
 A - a wand of disintegration (34)
 J - a wand of polymorph (5)
 K - a wand of paralysis (4)
Scrolls
 e - a scroll of fog
 j - 7 scrolls of remove curse
 m - 16 scrolls of identify
 q - 7 scrolls of teleportation
 s - 3 scrolls of magic mapping
 z - a scroll of enchant armour
 G - a scroll of silence
 H - a scroll of amnesia
Potions
 a - a potion of lignification
 d - a potion of magic {unknown}
 h - 2 potions of curing
 i - a potion of haste {unknown}
 u - 6 potions of flight
 x - 4 potions of stabbing
 D - 4 potions of brilliance
 L - a potion of mutation {unknown}
Comestibles
 f - 22 rations


   Skills:
 - Level 14.0 Fighting
 - Level 20.0 Long Blades
 - Level 10.0 Armour
 + Level 9.1 Dodging
   Level 4.0 Shields


You had 12 spell levels left.
You didn't know any spells.
Your spell library contained the following spells:

 Spells                   Type           Power        Failure   Level  Hunger
 Animate Skeleton         Necr           N/A          99%         1    ##.....
 Apportation              Tloc           #.....       99%         1    ##.....
 Corona                   Hex            #......      99%         1    ##.....
 Sting                    Tmut/Pois      #...         99%         1    ##.....
 Summon Small Mammal      Summ           #...         99%         1    ##.....
 Call Imp                 Summ           #.......     100%        2    ###....
 Poisonous Vapours        Pois/Air       #.....       100%        2    ###....
 Call Canine Familiar     Summ           #.......     100%        3    ####...
 Ignite Poison            Fire/Tmut/Pois #.......     100%        3    ####...
 Mephitic Cloud           Conj/Pois/Air  #.......     100%        3    ####...
 Summon Guardian Golem    Hex/Summ       #.......     100%        3    ####...
 Olgreb's Toxic Radiance  Pois           #.......     100%        4    #####..
 Summon Ice Beast         Ice/Summ       #.......     100%        4    #####..
 Summon Lightning Spire   Summ/Air       #.......     100%        4    #####..


Dungeon Overview and Level Annotations

Branches:
Dungeon (12/15)            Temple (1/1) D:7            Lair (2/6) D:11
  Snake (2/4) Lair:2
  Swamp: Lair:2-4    Shoals: Lair:2-4       Orc: D:9-12

Altars:
Ashenzari
Cheibriados
Dithmenos
Elyvilon
Fedhas
Gozag
Hepliaklqana
Kikubaaqudgha
Makhleb
Nemelex Xobeh
Okawaru
Qazlal
Ru
Sif Muna
Trog
Uskayaw
Vehumet
Wu Jian
Xom
Yredelemnul
Zin
The Shining One

Shops:
Snake:2 [=**

Annotations:
Lair:1 1 runed translucent door, Zusoliwk's ghost, journeyman CeHu


Innate Abilities, Weirdness & Mutations

You reflexively headbutt those who attack you in melee.
You have a pair of horns on your head.


Message History

The naga mage spits poison at you. The splash of poison hits you!
You are more poisoned.
* * * LOW HITPOINT WARNING * * *
The salamander hits you but does no damage.
You closely miss the naga mage.
You feel sick.
The naga mage hits you but does no damage.
The naga mage hits you with a +0 flail.
* * * LOW HITPOINT WARNING * * *
The naga mage constricts you.
The naga mage hits you but does no damage.
You feel better.
The salamander hits you from afar with a +0 halberd!
* * * LOW HITPOINT WARNING * * *
You are engulfed in flames.
You resist.
* * * LOW HITPOINT WARNING * * *
The naga mage hits you from afar with a +0 spear.
* * * LOW HITPOINT WARNING * * *
The naga mage hits you with a +0 flail!
You die...

##.## #♣...♣# ..
#♣.....♣# .. #♣.......♣#
.. . #♣....∩....♣# ..
... #♣...#...#...♣# ..
....#..†.).......)####..
.....N).∩.(#((∩..))÷.#..
...#N)@(()(......#...).
.. #♣N..#...#...♣#<...#
N #♣....∩....♣##...##
#♣......(♣##...##
#♣.....♣##....#
#♣..(♣##....##
##.###.....# #.##..#####
#.....


You could see a salamander and 2 naga magi.

Vanquished Creatures
  Azrael (Snake:1)
  Snorg (D:11)
  A fire dragon (Lair:1)
  5 naga warriors
  4 hydras
  Erica (D:9)
  3 anacondas
  A two-headed ogre (D:11)
  3 naga sharpshooters (Snake:2)
  2 unseen horrors (D:11)
  A naga ritualist (Snake:2)
  2 mana vipers
  2 cyclopes (D:11)
  4 salamanders (Snake:1)
  A manticore (D:10)
  6 centaur zombies
  5 naga magi
  11 black mambas
  5 guardian serpents
  2 spiny frogs
  2 gargoyles
  2 hellwings (D:8)
  A hornet (D:11)
  A troll (D:11)
  2 slime creatures
  A meliai zombie (D:11)
  A spriggan (D:7)
  2 hippogriffs
  A wyvern (D:9)
  Sigmund (D:5)
  2 fire elementals (Snake:1)
  3 fire bats (Lair:1)
  18 yaks
  Eustachio (D:5)
  2 hungry ghosts
  16 nagas
  Menkaure (D:5)
  5 hell hounds (Snake:1)
  4 water moccasins
  Duvessa (D:6)
  4 porcupines
  An ice beast (D:8)
  3 orc warriors
  A phantom (D:4)
  5 sky beasts
  A necrophage (D:9)
  2 black bears
  5 ogres
  A centaur (D:7)
  7 wolves
  A gnoll sergeant (D:10)
  9 bullfrogs
  Dowan (D:6)
  2 scorpions
  A wyvern skeleton (D:8)
  A water moccasin skeleton (D:5)
  12 killer bees
  7 wights
  2 electric eels (D:11)
  A howler monkey (D:4)
  4 crimson imps
  A bullfrog zombie (D:7)
  9 hounds
  5 centaur skeletons
  3 orc priests
  15 jellies
  A bullfrog skeleton (D:11)
  12 orc wizards
  Terence (D:2)
  3 iguanas
  9 worker ants
  2 killer bee zombies (D:9)
  A hound zombie (D:5)
  2 hound skeletons (D:4)
  9 gnolls
  11 adders
  4 shadow imps
  28 oozes
  3 adder zombies
  An adder skeleton (D:4)
  5 worms
  10 leopard geckos
  35 orcs
  4 bats
  5 giant cockroaches
  11 goblins
  7 hobgoblins
  6 jackals
  5 quokkas
  A ball python skeleton (D:4)
  3 frilled lizards
  15 kobolds
  A quokka skeleton (D:4)
  A quokka zombie (D:9)
  8 rats
436 creatures vanquished.

Vanquished Creatures (others)
  4 fungi
  8 toadstools (D:3)
12 creatures vanquished.

Grand Total: 448 creatures vanquished

Notes
Turn   | Place    | Note
-------+----------+-------------------------------------------
     0 | D:1      | po7itron the Minotaur Fighter began the quest for the Orb.
     0 | D:1      | Reached XP level 1. HP: 19/19 MP: 0/0
   284 | D:1      | Reached XP level 2. HP: 27/27 MP: 1/1
   551 | D:1      | Reached XP level 3. HP: 30/33 MP: 2/2
   652 | D:1      | Reached skill level 3 in Long Blades
   653 | D:1      | Reached skill level 1 in Dodging
  1497 | D:2      | Reached XP level 4. HP: 41/41 MP: 3/3
  1751 | D:2      | Noticed Terence
  1760 | D:2      | Killed Terence
  2017 | D:3      | Reached skill level 5 in Fighting
  2090 | D:3      | Reached skill level 4 in Long Blades
  2121 | D:3      | Reached XP level 5. HP: 30/48 MP: 4/4
  2969 | D:3      | Reached skill level 5 in Long Blades
  2969 | D:3      | Reached XP level 6. HP: 57/57 MP: 5/5
  3410 | D:4      | Reached skill level 6 in Long Blades
  3434 | D:4      | Reached XP level 7. HP: 32/64 MP: 6/6
  3884 | D:4      | Reached skill level 7 in Long Blades
  3963 | D:5      | Entered Level 5 of the Dungeon
  3963 | D:5      | Noticed Eustachio
  3985 | D:5      | Noticed a yak
  3985 | D:5      | Noticed a yak
  3985 | D:5      | Noticed a yak
  3985 | D:5      | Noticed a yak
  3985 | D:5      | Noticed a yak
  3985 | D:5      | Noticed a yak
  3999 | D:4      | Killed a yak
  4431 | D:5      | Noticed Sigmund
  4440 | D:5      | Killed Sigmund
  4440 | D:5      | Reached skill level 8 in Long Blades
  4440 | D:5      | Reached XP level 8. HP: 64/75 MP: 7/7
  4714 | D:5      | Noticed Menkaure
  4724 | D:5      | Killed Menkaure
  4944 | D:5      | Reached skill level 9 in Long Blades
  5406 | D:5      | Reached skill level 10 in Fighting
  5410 | D:5      | Reached skill level 10 in Long Blades
  5410 | D:5      | Reached XP level 9. HP: 22/85 MP: 8/8
  5864 | D:5      | Reached skill level 11 in Long Blades
  5951 | D:5      | Killed Eustachio
  6154 | D:6      | Noticed Dowan
  6155 | D:6      | Found a snail-covered altar of Cheibriados.
  6156 | D:6      | Noticed Duvessa
  6168 | D:6      | Killed Duvessa
  6169 | D:6      | Killed Dowan
  6935 | D:7      | Reached skill level 12 in Long Blades
  7268 | D:7      | Found a staircase to the Ecumenical Temple.
  7279 | Temple   | Entered the Ecumenical Temple
  7338 | Temple   | Became a worshipper of Warmaster Okawaru
  7683 | D:7      | Reached * piety under Okawaru
  7882 | D:7      | Reached skill level 5 in Dodging
  8000 | D:7      | Reached XP level 10. HP: 67/93 MP: 9/9
  8117 | D:7      | Reached skill level 13 in Long Blades
  8119 | D:7      | Got a scorched battleaxe
  8125 | D:7      | Identified the +5 battleaxe "Wylet" {vorpal, rElec rF+}
                  | (You found it on level 7 of the Dungeon)
  8443 | D:8      | Found a sacrificial altar of Ru.
  8517 | D:8      | Found an ancient bone altar of Kikubaaqudgha.
  8811 | D:8      | Reached ** piety under Okawaru
  8817 | D:8      | Reached skill level 14 in Long Blades
  8832 | D:8      | Reached skill level 5 in Armour
  8841 | D:8      | Reached *** piety under Okawaru
  8851 | D:8      | Reached skill level 15 in Long Blades
  9091 | D:8      | Got a bronze plate armour
  9102 | D:8      | Identified the +13 plate armour of Feohi {+Inv Int+3
                  | Stlth-} (You found it on level 8 of the Dungeon)
  9193 | D:8      | Found a glowing silver altar of Zin.
  9193 | D:8      | Found a glowing golden altar of the Shining One.
  9487 | D:9      | Reached XP level 11. HP: 99/99 MP: 10/10
  9489 | D:9      | Reached **** piety under Okawaru
  9914 | D:9      | Found an iron altar of Okawaru.
  9916 | D:9      | Found a radiant altar of Vehumet.
  9916 | D:9      | Found a sparkling altar of Nemelex Xobeh.
  9935 | D:9      | Found a shimmering altar of Xom.
  9935 | D:9      | Found a white marble altar of Elyvilon.
  9935 | D:9      | Found a hazy altar of Hepliaklqana.
 10486 | D:9      | Noticed Erica
 10499 | D:9      | Killed Erica
 10499 | D:9      | Reached skill level 16 in Long Blades
 10646 | D:10     | Entered Level 10 of the Dungeon
 10758 | D:10     | Reached ***** piety under Okawaru
 11324 | D:11     | Noticed a four-headed hydra
 11330 | D:11     | Killed a six-headed hydra
 11487 | D:11     | Received a gift from Okawaru
 11715 | D:11     | Killed an unseen horror
 11715 | D:11     | Reached skill level 17 in Long Blades
 11731 | D:11     | Reached XP level 12. HP: 80/108 MP: 11/11
 11835 | D:11     | Found a blossoming altar of Fedhas.
 11906 | D:11     | Found a staircase to the Lair.
 12064 | D:11     | Noticed Snorg
 12065 | D:11     | Noticed a two-headed ogre
 12093 | D:11     | Killed a two-headed ogre
 12101 | D:11     | Killed Snorg
 12636 | Lair:1   | Entered Level 1 of the Lair of Beasts
 12636 | Lair:1   | Noticed a seven-headed hydra
 12646 | Lair:1   | Killed a four-headed hydra
 12658 | Lair:1   | Noticed an eight-headed hydra
 12664 | Lair:1   | Killed a five-headed hydra
 12664 | Lair:1   | Received a gift from Okawaru
 12747 | Lair:1   | Found a runed translucent door.
 12750 | Lair:1   | Noticed Zusoliwk's ghost (journeyman CeHu)
 12897 | Lair:1   | Reached skill level 10 in Armour
 13360 | Lair:1   | Noticed a fire dragon
 13369 | Lair:1   | Killed a fire dragon
 13369 | Lair:1   | Reached skill level 18 in Long Blades
 14380 | Lair:2   | Noticed an eight-headed hydra
 14383 | Lair:2   | Killed an 11-headed hydra
 14438 | Lair:2   | Found a staircase to the Snake Pit.
 14455 | Snake:1  | Entered Level 1 of the Snake Pit
 14512 | Snake:1  | Reached ****** piety under Okawaru
 14520 | Snake:1  | Reached XP level 13. HP: 38/119 MP: 12/12
 14577 | Snake:1  | Reached skill level 19 in Long Blades
 15196 | Snake:1  | Received a gift from Okawaru
 15207 | Snake:1  | Got a bone scimitar {god gift}
 15229 | Snake:1  | Identified the +6 scimitar of Gluttony {venom, Dex+4}
                  | (Okawaru gifted it to you on level 1 of the Snake Pit)
 16250 | Snake:1  | Noticed Azrael
 16263 | Snake:1  | Killed Azrael
 16816 | Snake:2  | Found Moidocsi's Assorted Antiques.
 16821 | Snake:2  | Reached skill level 20 in Long Blades
 16830 | Snake:2  | Found Peaq's Assorted Antiques.
 16830 | Snake:2  | Found Ceshreamu's Jewellery Emporium.
 16856 | Snake:2  | Received a gift from Okawaru
 16863 | Snake:2  | Found Eluaqu Wipt's Armour Emporium.
 17050 | Snake:2  | Bought the cursed necklace of Bloodlust {*Rage +Rage MR++
                  | Int-3 Slay+6 *Curse} for 562 gold pieces
 17050 | Snake:2  | Found the cursed necklace of Bloodlust {*Rage +Rage MR++
                  | Int-3 Slay+6 *Curse}
 17159 | Snake:2  | Bought a pair of glowing gloves for 172 gold pieces
 17198 | Snake:2  | HP: 5/124 [salamander/+0 halberd (4)]
 17198 | Snake:2  | HP: 2/124 [naga mage/+0 spear (3)]
 17198 | Snake:2  | Mangled by a naga mage

Illustrated notes

Levels and vault maps discovered:
D:1:      lemuel_arrival_behind_the_door_large, layout_basic, chequers_big_river
D:2:      layout_rooms, minmay_crystal_water, uniq_terence
D:3:      cheibrodos_fertilizer, layout_loops_ring, first_ration
D:4:      layout_rooms, minmay_ogre_servants
D:5:      layout_basic, cheibrodos_sewer_entry_bend, minmay_misc_feat_iff,
          uniq_sigmund, uniq_menkaure, uniq_eustachio
D:6:      layout_loops_cross, lemuel_round_altar, chequers_serial_rivers_marsh,
          minivault_4, uniq_duvessa
D:7:      kennysheep_windowed_halls, layout_loops_ring,
          minmay_temple_entry_glassed_door, the_bakery
D:8:      cheibrodos_grave_circle, layout_basic,
          gammafunk_temple_overflow_pools, basic_altar, nicolae_ru_path_of_blood
D:9:      lemuel_slime, layout_basic, doesnt_xom_only_xom, nrook_pool_corridor,
          eino_jars, uniq_erica
D:10:     layout_loops_ring
D:11:     layout_gridville, erik_lair_island, chequers_decorated_corner,
          dk_noncrumbling_2, minmay_misc_feat_chi, fedhas_altar_2, uniq_snorg
D:12:     layout_long_grid, orc_david_3
Temple:   hc_temple_tempest_star
Lair:1:   dragon1_lemuel, layout_layer_cave, nicolae_volcano_entry_batcave,
          ebering_ghost_inner_flame
Lair:2:   layout_regular_city, guppyfry_snake_entry_island,
          portal_ice_cave_demonic_guard, grunt_megastairs_3
Snake:1:  layout_honeycomb, serial_shops, bzr_entry_water,
          nrook_guardian_serpent_ordinary, uniq_azrael
Snake:2:  layout_gridlike, ebering_ghost_reflecting_pool, grunt_megastairs_5,
          minmay_shoptagon

Skill      XL: |  1  2  3  4  5  6  7  8  9 10 11 12 13 |
---------------+----------------------------------------+-----
Fighting       | 4 5 6 8 10 12 14 | 14.0
Armour         | 4 6 9 10 | 10.0
Shields        | 4 |  4.0
Long Blades    | 3 4 5 6 8 10 12 15 17 18 20 | 20.0
Dodging        | 1 2 5 6 9 |  9.1

Action                   |  1- 3 |  4- 6 |  7- 9 | 10-12 | 13-15 || total
-------------------------+-------+-------+-------+-------+-------++-------
Melee: Long sword        |    87 |   141 |   274 |       |       ||   502
       Headbutt          |    15 |    32 |    65 |    83 |    35 ||   230
       Great sword       |       |       |    16 |   432 |   185 ||   633
       Scimitar          |       |       |       |     9 |       ||     9
Throw: Stone             |     4 |       |       |       |       ||     4
       Javelin           |       |       |    12 |       |       ||    12
       Dart              |       |       |     1 |       |       ||     1
       Boomerang         |       |       |     2 |     3 |       ||     5
Invok: Heroism           |       |       |       |     3 |     1 ||     4
  Use: Scroll            |     3 |       |     7 |    10 |       ||    20
       Potion            |       |       |    12 |     4 |     6 ||    22
 Stab: Sleeping          |       |     3 |     5 |       |       ||     8
  Eat: Chunk             |     2 |     6 |    12 |    10 |     1 ||    31
       Ration            |       |       |     1 |     3 |     3 ||     7
Armor: Scale mail        |    29 |       |       |       |       ||    29
       Leather armour    |    16 |    30 |    43 |    12 |       ||   101
       Skin              |       |       |    24 |       |       ||    24
       Plate armour      |       |       |       |   276 |   130 ||   406
Dodge: Dodged            |    44 |    43 |    58 |   237 |    59 ||   441
Block: Kite shield       |    58 |    55 |   188 |       |       ||   301
       Reflection        |       |       |     4 |     4 |     1 ||     9
       Other             |       |       |     2 |   119 |    29 ||   150
       Rpst.: Long sword |    11 |     9 |    14 |       |       ||    34
       Great sword       |       |       |     3 |    51 |    10 ||    64
       Scimitar          |       |       |       |     3 |       ||     3
